 Dungeon Crawl Stone Soup version 0.32-a0-768-g0f6f1dd4b9 (webtiles) character file.

Game seed: 9308828265853753150

1744 Griffin23 the Carver (level 8, -9/73 HPs)
             Began as a Minotaur Fighter on Mar 18, 2024.
             Was a Priest of Trog.
             Mangled by Duvessa
             ... wielding a +0 short sword
              (14 damage)
             ... on level 5 of the Dungeon.
             The game lasted 00:07:27 (5488 turns).

Griffin23 the Carver (Minotaur Fighter)             Turns: 5488, Time: 00:07:28

Health: -9/73      AC: 10    Str: 23    XL:     8   Next: 77%
Magic:  7/7        EV:  7    Int:  5    God:    Trog [***...]
Gold:   305        SH:  5    Dex: 10    Spells: 7/7 levels left

rFire   . . .        a - +0 long sword
rCold   . . .        c - +0 buckler
rNeg    . . .        s - +0 chain mail
rPois   .            l - +0 hat
rElec   .            (no cloak)
rCorr   .            (no gloves)
SInv    .            (no boots)
Will    ++...        (no amulet) Stlth
                     (no ring)
HPRegen 1.32/turn    (no ring)
MPRegen 0.10/turn

%: no passive effects
@: strong-willed, on berserk cooldown, regenerating, slowed, very slow
A: horns 2, retaliatory headbutt
a: Renounce Religion, Berserk, Trog's Hand


You were on level 5 of the Dungeon.
You worshipped Trog.
Trog was most pleased with you.
You visited 1 branch of the dungeon, and saw 5 of its levels.

You collected 305 gold pieces.

Inventory:

Hand Weapons
 a - a +0 long sword (weapon)
Missiles
 h - 2 throwing nets (quivered)
Armour
 b - a +0 scale mail
 c - a +0 buckler (worn)
 l - a +0 hat (worn)
 s - a +0 chain mail (worn)
Jewellery
 i - an amulet of faith
 p - a ring of fire
Wands
 A - a wand of iceblast (6)
 B - a wand of flame (6)
Scrolls
 e - 6 scrolls of teleportation
 f - a scroll of fog {unknown}
 g - 3 scrolls of identify
 m - a scroll of enchant weapon {unknown}
 v - a scroll of brand weapon {unknown}
 w - 2 scrolls of revelation {unknown}
 y - 2 scrolls of blinking {unknown}
 z - a scroll of enchant armour {unknown}
Potions
 d - a potion of might
 j - a potion of cancellation {unknown}
 k - a potion of mutation {unknown}
 n - 2 potions of curing {unknown}
 o - a potion of attraction {unknown}
 q - a potion of degeneration {unknown}
 r - a potion of resistance {unknown}
 t - a potion of invisibility {unknown}
 u - a potion of lignification {unknown}
 x - 2 potions of haste {unknown}


   Skills:
 + Level 7.2 Fighting
 * Level 8.4 Long Blades
 + Level 7.2 Armour
 + Level 7.2 Shields


You had 7 spell levels left.
You didn't know any spells.
Your spell library was empty.

Dungeon Overview and Level Annotations

Branches:
Dungeon (5/15)
 Temple: D:4-7

Altars:
Trog

Shops:
D:5 [

Annotations:
D:5 Duvessa


Innate Abilities, Weirdness & Mutations

You have a pair of horns on your head.
You reflexively headbutt those who attack you in melee.


Message History

Duvessa hits you with a +0 short sword! Duvessa closely misses you.
You slash Duvessa!
Duvessa is heavily wounded.
Duvessa hits you with a +0 short sword! Duvessa hits you but does no damage.
Duvessa hits you with a +0 short sword!
You are too injured to fight recklessly!
You are too injured to fight recklessly!
You are too injured to fight recklessly!
You are too injured to fight recklessly!
You barely miss Duvessa.
Duvessa is heavily wounded.
Duvessa hits you with a +0 short sword. Duvessa hits you but does no damage.
You hit Duvessa but do no damage. Your headbutt misses Duvessa.
Duvessa is heavily wounded.
Duvessa hits you with a +0 short sword. Duvessa closely misses you.
Duvessa barely misses you.
You barely miss Duvessa. You headbutt Duvessa, but do no damage.
Duvessa is heavily wounded.
Duvessa hits you but does no damage. x2
You hit Duvessa. You headbutt Duvessa.
Duvessa is severely wounded.
Duvessa hits you with a +0 short sword.
* * * LOW HITPOINT WARNING * * *
Duvessa hits you with a +0 short sword!
* * * LOW HITPOINT WARNING * * *
Your skin crawls.
You feel strong-willed. Duvessa hits you but does no damage. x2
You hit Duvessa. You headbutt Duvessa.
Duvessa is severely wounded.
Duvessa completely misses you. Duvessa closely misses you.
You slash Duvessa! You headbutt Duvessa, but do no damage.
Duvessa is almost dead.
Duvessa barely misses you. You furiously retaliate!
You headbutt Duvessa. Duvessa hits you but does no damage.
Duvessa hits you with a +0 short sword!
* * * LOW HITPOINT WARNING * * *
You hit Duvessa but do no damage.
Duvessa is almost dead.
Duvessa hits you with a +0 short sword!
You die...

#...# #...#
##...# #....##
#.....#
####....##
#####......##
#####........###
#..e@.......##
#...#########.#
## ###


You could see Duvessa (berserk).

Vanquished Creatures
  The ghost of arcshroob the Trooper, an amateur DrSh of Beogh (D:5)
  Grinder (D:3)
  Sigmund (D:3)
  Eustachio (D:5)
  Menkaure (D:5)
  Edmund (D:5)
  A black bear (D:4)
  An ogre (D:4)
  Dowan (D:5)
  2 orc priests (D:3)
  2 bombardier beetles (D:4)
  A hound (D:5)
  A gnoll bouda (D:5)
  A sleepcap (D:5)
  2 orc wizards
  Robin (D:3)
  13 gnolls
  6 adders
  2 dart slugs
  3 ribbon worms
  9 orcs
  5 bats
  8 endoplasms
  A giant cockroach (D:1)
  15 goblins
  6 hobgoblins
  10 jackals
  7 quokkas
  12 ball pythons
  5 kobolds
  8 rats
129 creatures vanquished.

Notes
Turn   | Place    | Note
-------+----------+-------------------------------------------
     0 | D:1      | Griffin23 the Minotaur Fighter began the quest for the Orb.
     0 | D:1      | Reached XP level 1. HP: 19/19 MP: 0/0
    34 | D:1      | Found a faded altar of an unknown god.
    48 | D:1      | Prayed at the altar of an unknown god.
    48 | D:1      | Became a worshipper of Trog the Wrathful
    48 | D:1      | Reached * piety under Trog
   191 | D:1      | Reached XP level 2. HP: 27/27 MP: 1/1
   338 | D:1      | Reached skill level 3 in Long Blades
   373 | D:1      | Reached XP level 3. HP: 29/33 MP: 2/2
   912 | D:2      | Reached ** piety under Trog
  1366 | D:2      | Reached XP level 4. HP: 41/41 MP: 3/3
  1940 | D:3      | Noticed Grinder
  1941 | D:3      | Paralysed by Grinder for 5 turns
  1954 | D:3      | Killed Grinder
  1955 | D:3      | Reached skill level 5 in Fighting
  1955 | D:3      | Reached skill level 4 in Long Blades
  1955 | D:3      | Reached skill level 5 in Armour
  1955 | D:3      | Reached skill level 5 in Shields
  1955 | D:3      | Reached XP level 5. HP: 35/48 MP: 4/4
  1955 | D:3      | Reached XP level 6. HP: 41/56 MP: 5/5
  2122 | D:3      | Reached *** piety under Trog
  2546 | D:3      | Reached skill level 5 in Long Blades
  2548 | D:3      | Noticed Robin
  2565 | D:3      | Killed Robin
  2764 | D:3      | Noticed Sigmund
  2779 | D:3      | HP: 2/56 [something (2)]
  3395 | D:3      | Killed Sigmund
  3396 | D:3      | Reached XP level 7. HP: 45/62 MP: 6/6
  3896 | D:4      | Reached skill level 6 in Long Blades
  4497 | D:5      | Entered Level 5 of the Dungeon
  4500 | D:5      | Found Bigip's Armour Shop.
  4560 | D:5      | Noticed Edmund
  4576 | D:5      | Killed Edmund
  4577 | D:5      | Reached XP level 8. HP: 27/70 MP: 7/7
  4579 | D:5      | Reached skill level 7 in Long Blades
  4889 | D:5      | Found a runed translucent door.
  4904 | D:5      | Noticed Eustachio
  4920 | D:5      | Killed Eustachio
  4939 | D:5      | Noticed arcshroob's ghost (amateur DrSh)
  4963 | D:5      | Killed arcshroob's ghost
  5069 | D:5      | Noticed Menkaure
  5094 | D:5      | Killed Menkaure
  5095 | D:5      | Reached skill level 8 in Long Blades
  5464 | D:5      | Noticed Dowan
  5464 | D:5      | Noticed Duvessa
  5474 | D:5      | Killed Dowan
  5487 | D:5      | HP: 3/73 [Duvessa/+0 short sword (11)]
  5488 | D:5      | Mangled by Duvessa

Illustrated notes

Levels and vault maps discovered:
D:1:      minmay_arrival_stone_box, layout_basic,
          nicolae_ecumenical_snake_handling
D:2:      minmay_chambers_of_ones, layout_loops_cross
D:3:      layout_basic, amcnicky_mini_pool_small, minmay_pentangle,
          uniq_grinder, uniq_robin, uniq_sigmund
D:4:      layout_basic
D:5:      layout_cave_pods, ebering_ghost_sewer_d, serial_shops, shop,
          uniq_edmund, uniq_duvessa, uniq_eustachio, uniq_menkaure

Skill      XL: |  1  2  3  4  5  6  7  8 |
---------------+-------------------------+-----
Fighting       | 4 5 6 7 |  7.2
Shields        | 4 5 6 7 |  7.2
Armour         | 4 5 6 7 |  7.2
Long Blades    | 3 4 5 6 8 |  8.4

Action                     |  1- 3 |  4- 6 |  7- 9 || total
---------------------------+-------+-------+-------++-------
  Melee: Long sword        |   116 |   116 |   162 ||   394
         Headbutt          |    18 |    19 |    33 ||    70
 Invoke: Berserk           |       |     2 |     5 ||     7
         Trog's Hand       |       |       |     3 ||     3
    Use: Scroll            |       |     2 |       ||     2
 Armour: Scale mail        |   108 |    70 |       ||   178
         Chain mail        |       |    17 |   165 ||   182
  Dodge: Dodged            |    53 |    41 |    76 ||   170
  Block: Buckler           |    32 |    27 |    37 ||    96

Table legend: (Time is in decaauts)
 A = Elapsed time spent in this place.
 B = Non-inter-level travel time spent in this place.
 C = Inter-level travel time spent in this place.
 D = Time resting spent in this place.
 E = Time spent auto-exploring this place.
 F = Levels seen in this place.
 G = Mean time per level.
                   A        B        C        D        E       F      G
               +--------+--------+--------+--------+--------+-----+--------+
         Total |   5608 |   5520 |     88 |   1298 |   3366 |   5 | 1121.6 |
       Dungeon |   5608 |   5520 |     88 |   1298 |   3366 |   5 | 1121.6 |
               +--------+--------+--------+--------+--------+-----+--------+

Top non-repeatable levels by time:
     D:3: 2026 daAuts
     D:5: 1035 daAuts
     D:2: 855 daAuts
     D:1: 849 daAuts
     D:4: 841 daAuts
